 Dungeon Crawl Stone Soup version 0.28-a0-381-g937acc2988 (webtiles) character file.

Game seed: 11920309852514843043

7230 sanka the Carver (level 11, -6/89 HPs)
             Began as a Gnoll Cinder Acolyte on Aug 31, 2021.
             Was a High Priest of Ignis.
             Mangled by a death knight (38 damage)
             ... on level 10 of the Dungeon on Sept 1, 2021.
             The game lasted 00:24:57 (14699 turns).

sanka the Carver (Gnoll Cinder Acolyte)            Turns: 14699, Time: 00:24:57

Health: -6/89      AC: 13    Str: 15    XL:     11   Next: 12%
Magic:  21/21      EV: 12    Int: 19    God:    Ignis [*****.]
Gold:   491        SH:  0    Dex: 10    Spells: 18/23 levels left

rFire   + . .      SeeInvis +   y - +0 great sword
rCold   + . .      Faith    .   (shield currently unavailable)
rNeg    . . .      Spirit   .   B - +0 ring mail "Qexur" {rC+ Int+4 Dex+2}
rPois   .          Reflect  .   A - +0 helmet
rElec   .          Harm     .   g - +1 cloak
rCorr   .          Rampage  .   (no gloves)
Will    .....                   (no boots)
Stlth   ++........              E - amulet of regeneration
HPRegen 1.24/turn               C - +4 ring of protection
MPRegen 0.17/turn               D - ring of see invisible

@: no status effects
A: fangs 1, strong nose, distributed training
a: Renounce Religion, Sea of Fire, Foxfire Swarm, Rising Flame


You were on level 10 of the Dungeon.
You worshipped Ignis.
Ignis was extremely pleased with you.
You visited 2 branches of the dungeon, and saw 11 of its levels.
You also visited: Ossuary.

You collected 491 gold pieces.


Innate Abilities, Weirdness & Mutations

You have very sharp teeth.
Your uncanny sense of smell can sniff out nearby items.
Your experience applies equally to all skills.


   Skills:
 + Level 9.0 Fighting
 + Level 6.0 Short Blades
 + Level 9.0 Long Blades
 + Level 6.0 Axes
 + Level 6.0 Maces & Flails
 + Level 6.0 Polearms
 + Level 6.0 Staves
 + Level 6.0 Slings
 + Level 6.0 Bows
 + Level 6.0 Crossbows
 + Level 6.0 Throwing
 + Level 6.0 Armour
 + Level 6.0 Dodging
 + Level 6.0 Stealth
 + Level 6.0 Shields
 + Level 6.0 Unarmed Combat
 + Level 6.6 Spellcasting
 + Level 4.9 Conjurations
 + Level 4.9 Hexes
 + Level 4.9 Summonings
 + Level 4.9 Necromancy
 + Level 4.9 Translocations
 + Level 4.9 Transmutations
 + Level 5.4 Fire Magic
 + Level 4.9 Ice Magic
 + Level 4.9 Air Magic
 + Level 4.9 Earth Magic
 + Level 4.9 Poison Magic
 + Level 6.5 Invocations
 + Level 6.0 Evocations


You had 18 spell levels left.
You knew the following spells:

 Your Spells              Type           Power      Damage    Failure   Level
u - Poisonous Vapours     Pois/Air       50%        N/A       3%          2
y - Foxfire               Conj/Fire      100%       2x1d9     2%          1
z - Searing Ray           Conj           50%        3d5       3%          2

Your spell library contained the following spells:

 Spells                   Type           Power      Damage    Failure   Level
 Apportation              Tloc           50%        N/A       2%          1
 Magic Dart               Conj           100%       1d8       2%          1
 Sting                    Tmut/Pois      100%       1d8       2%          1
 Slow                     Hex            25%        N/A       3%          2
 Call Canine Familiar     Summ           25%        N/A       8%          3
 Confusing Touch          Hex            25%        N/A       8%          3
 Portal Projectile        Hex/Tloc       50%        N/A       8%          3
 Vampiric Draining        Necr           12%        2d7       8%          3
 Fulminant Prism          Conj/Hex       12%        3d9       24%         4
 Leda's Liquefaction      Hex/Erth       12%        N/A       24%         4
 Olgreb's Toxic Radiance  Pois           25%        N/A       24%         4
 Alistair's Intoxication  Tmut/Pois      16%        N/A       56%         5
 Invisibility             Hex            12%        N/A       98%         6

Inventory:

Hand Weapons
 a - a -1 falchion of flaming
 r - a +0 long sword
 t - a +0 morningstar
 y - a +0 great sword (weapon)
Missiles
 f - 5 curare-tipped darts {=f}
 h - 2 throwing nets {=f}
Armour
 b - a +0 robe
 d - a +0 buckler
 g - a +1 cloak (worn)
 A - a +0 helmet (worn)
 B - the +0 ring mail "Qexur" (worn) {rC+ Int+4 Dex+2}

   Int:       It affects your intelligence (+4).
   Dex:       It affects your dexterity (+2).
   rC:        It protects you from cold.
 G - a +2 ring mail of cold resistance
 K - a +1 scale mail of fire resistance
Jewellery
 C - a +4 ring of protection (left hand)
 D - a ring of see invisible (right hand)
 E - an amulet of regeneration (around neck)
 I - a ring of magical power
Wands
 s - a wand of iceblast (18)
 M - a wand of mindburst (10)
Scrolls
 e - a scroll of magic mapping
 k - 2 scrolls of noise {!r}
 l - 2 scrolls of fear
 m - 3 scrolls of teleportation {@r4}
 w - 2 scrolls of immolation {!r}
 x - a scroll of holy word {unknown}
 F - a scroll of amnesia {unknown}
 J - a scroll of blinking
 L - a scroll of enchant armour {unknown}
 O - 2 scrolls of enchant weapon
 Q - a scroll of fog
Potions
 c - 2 potions of brilliance {unknown}
 i - 5 potions of flight {unknown}
 j - 3 potions of degeneration {unknown}
 n - 2 potions of ambrosia {unknown}
 o - 2 potions of mutation {unknown}
 p - 5 potions of lignification {unknown}
 q - 10 potions of curing {unknown}
 u - 2 potions of heal wounds {@q2}
 v - 2 potions of invisibility {unknown}
 z - 2 potions of attraction {unknown}
 H - 5 potions of might {unknown}
 P - a potion of haste {unknown}

Dungeon Overview and Level Annotations

Branches:
Dungeon (10/15)            Temple (1/1) D:5         Ossuary (visited)
   Lair: D:8-11         Orc: D:9-12

Altars:
Ashenzari
Cheibriados
Dithmenos
Elyvilon
Fedhas
Gozag
Hepliaklqana
Kikubaaqudgha
Nemelex Xobeh
Okawaru
Qazlal
Ru
Sif Muna
Trog
Uskayaw
Vehumet
Wu Jian
Xom
Yredelemnul
Zin
The Shining One

Shops:
D:2 ( D:6

: ▒...▒▒▒▒▒ ▒▒'▒▒▒▒ +.....▒ ∆
....▒ ▒.....▒ ▒+▒▒▒... ▒.....▒
▒..▒▒... ▒..▒▒'▒
▒▒▒▒+▒▒..▒▒..▒ ▒.
▒##▒▒#▒▒▒####▒▒..▒▒..▒▒
.▒▒...▒▒############▒▒..▒▒...▒
......▒.######pg####▒▒..▒▒...▒
.....▒.###############..▒...▒
▒...▒▒##▒▒##▒▒▒▒▒▒▒▒#..'...▒
▒...▒▒..▒▒##▒▒▒ ▒..▒▒..▒▒
+.......###...▒ ▒..▒▒▒▒▒
▒......####...▒ .....
▒.....####....▒ ..>...▒
▒...▒▒##▒▒▒..▒▒...▒▒..▒▒
▒...▒▒..▒▒▒▒▒▒ ... ▒...


You could see a death knight.


Message History

The fire ignites!
The fire ignites!
The fire ignites!
The fire ignites!
The fire ignites!
The fire ignites!
The fire ignites!
The fire ignites!
The fire ignites!
The fire ignites!
The fire ignites!
The fire ignites!
The fire ignites!
The fire ignites!
The fire ignites!
The fire ignites!
The fire ignites!
The fire ignites!
The fire ignites!
The fire ignites!
The fire ignites!
The fire ignites!
The fire ignites!
The fire ignites!
The fire ignites!
The fire ignites!
The fire ignites!
Unknown command.
The death knight hits you with a +4 great mace!!!
You die...

Action                   |  1- 3 |  4- 6 |  7- 9 | 10-12 || total
-------------------------+-------+-------+-------+-------++-------
Melee: Falchion          |    78 |   128 |    10 |       ||   216
       Bite              |     7 |     3 |    24 |    17 ||    51
       Long sword        |       |       |   200 |       ||   200
       Punch             |       |       |     1 |       ||     1
       Great sword       |       |       |    31 |   174 ||   205
       Unarmed           |       |       |       |    20 ||    20
 Cast: Foxfire           |    14 |    70 |   309 |   102 ||   495
       Poisonous Vapours |       |       |       |    18 ||    18
Invok: Sea of Fire       |       |       |       |     1 ||     1
Evoke: Wand              |       |       |       |     2 ||     2
  Use: Scroll            |       |       |     5 |     4 ||     9
       Potion            |       |       |       |     1 ||     1
 Stab: Sleeping          |       |     1 |     2 |     1 ||     4
       Invisible         |       |       |       |     7 ||     7
Armor: Robe              |    23 |    75 |    65 |       ||   163
       Ring mail         |       |       |    27 |   166 ||   193
Dodge: Dodged            |    40 |   124 |   211 |   212 ||   587

Levels and vault maps discovered:
D:1:      amcnicky_arrival_abandoned_market, layout_basic
D:2:      layout_loops_cross, serial_shops, shop,
          chequers_serial_rivers_small_3, serial_park_tiny_pond
D:3:      layout_basic, nicolae_tso_swordbearing_angel,
          ebering_ecumenical_altar_mist, chequers_serial_rivers_micro_a
D:4:      layout_cave_pools, amcnicky_altar_gilded, roderic_batcave,
          serial_bayou_lake_a, uniq_pikel, uniq_menkaure
D:5:      layout_loops_ring, temple_doors_e, ebering_ghost_reflecting_pool,
          enter_ossuary_3, portal_sewer_entry_b
D:6:      wander_river, layout_basic, grunt_temple_overflow_open,
          gammafunk_temple_overflow_elements, trog_book, serial_shops,
          nicolae_shop_waterfront, sigmund_edmund_badplayer
D:7:      layout_gridville, fedhas_altar_3, kennysheep_mini_moat,
          hangedman_decor_growths
D:8:      kennysheep_blocky_hall, layout_loops_ring, hangedman_feature_mirror
D:9:      layout_stronghold, nicolae_hepliaklqana_hazy_memory, uniq_harold,
          uniq_psyche
D:10:     layout_gridville, lemuel_doored_altar
Temple:   nicolae_temple_figure_zero

Notes
Turn   | Place    | Note
-------+----------+-------------------------------------------
     0 | D:1      | sanka the Gnoll Cinder Acolyte began the quest for the Orb.
     0 | D:1      | Reached XP level 1. HP: 23/23 MP: 4/4
   143 | D:1      | Reached skill level 2 in Fire Magic
   169 | D:1      | Reached XP level 2. HP: 18/29 MP: 5/5
   798 | D:2      | Found Javep's Weapon Boutique.
   854 | D:2      | Reached XP level 3. HP: 35/35 MP: 2/7
   865 | D:2      | Reached skill level 1 in Invocations
  1104 | D:2      | Reached skill level 1 in Short Blades
  1104 | D:2      | Reached skill level 1 in Axes
  1104 | D:2      | Reached skill level 1 in Maces & Flails
  1104 | D:2      | Reached skill level 1 in Polearms
  1104 | D:2      | Reached skill level 1 in Staves
  1104 | D:2      | Reached skill level 1 in Slings
  1104 | D:2      | Reached skill level 1 in Bows
  1104 | D:2      | Reached skill level 1 in Crossbows
  1104 | D:2      | Reached skill level 1 in Throwing
  1104 | D:2      | Reached skill level 1 in Armour
  1104 | D:2      | Reached skill level 1 in Dodging
  1104 | D:2      | Reached skill level 1 in Stealth
  1104 | D:2      | Reached skill level 1 in Shields
  1104 | D:2      | Reached skill level 1 in Unarmed Combat
  1104 | D:2      | Reached skill level 1 in Evocations
  1265 | D:2      | Reached XP level 4. HP: 32/41 MP: 2/8
  1327 | D:2      | Reached skill level 3 in Spellcasting
  1370 | D:2      | Reached skill level 1 in Conjurations
  1370 | D:2      | Reached skill level 1 in Hexes
  1370 | D:2      | Reached skill level 1 in Summonings
  1370 | D:2      | Reached skill level 1 in Necromancy
  1370 | D:2      | Reached skill level 1 in Translocations
  1370 | D:2      | Reached skill level 1 in Transmutations
  1370 | D:2      | Reached skill level 1 in Ice Magic
  1370 | D:2      | Reached skill level 1 in Air Magic
  1370 | D:2      | Reached skill level 1 in Earth Magic
  1370 | D:2      | Reached skill level 1 in Poison Magic
  1630 | D:2      | Reached XP level 5. HP: 25/47 MP: 9/9
  2137 | D:3      | Found a faded altar of an unknown god.
  3510 | D:3      | Noticed a phantom
  4002 | D:3      | Found a glowing golden altar of the Shining One.
  4161 | D:4      | Noticed Menkaure
  4179 | D:3      | Reached skill level 2 in Invocations
  4179 | D:3      | Reached XP level 6. HP: 30/53 MP: 9/11
  4681 | D:4      | Killed Menkaure
  4682 | D:4      | Reached skill level 2 in Short Blades
  4682 | D:4      | Reached skill level 2 in Axes
  4682 | D:4      | Reached skill level 2 in Maces & Flails
  4682 | D:4      | Reached skill level 2 in Polearms
  4682 | D:4      | Reached skill level 2 in Staves
  4682 | D:4      | Reached skill level 2 in Slings
  4682 | D:4      | Reached skill level 2 in Bows
  4682 | D:4      | Reached skill level 2 in Crossbows
  4682 | D:4      | Reached skill level 2 in Throwing
  4682 | D:4      | Reached skill level 2 in Armour
  4682 | D:4      | Reached skill level 2 in Dodging
  4682 | D:4      | Reached skill level 2 in Stealth
  4682 | D:4      | Reached skill level 2 in Shields
  4682 | D:4      | Reached skill level 2 in Unarmed Combat
  4682 | D:4      | Reached skill level 2 in Evocations
  5018 | D:3      | Reached XP level 7. HP: 59/59 MP: 3/12
  5161 | D:4      | Upgraded the game from 0.28-a0-313-gbc0475efdd to
                  | 0.28-a0-381-g937acc2988
  5283 | D:3      | Reached skill level 7 in Fighting
  5283 | D:3      | Reached skill level 7 in Long Blades
  5552 | D:3      | Reached skill level 2 in Conjurations
  5552 | D:3      | Reached skill level 2 in Hexes
  5552 | D:3      | Reached skill level 2 in Summonings
  5552 | D:3      | Reached skill level 2 in Necromancy
  5552 | D:3      | Reached skill level 2 in Translocations
  5552 | D:3      | Reached skill level 2 in Transmutations
  5552 | D:3      | Reached skill level 2 in Ice Magic
  5552 | D:3      | Reached skill level 2 in Air Magic
  5552 | D:3      | Reached skill level 2 in Earth Magic
  5552 | D:3      | Reached skill level 2 in Poison Magic
  5601 | D:3      | Reached skill level 3 in Fire Magic
  6001 | D:4      | Reached skill level 4 in Spellcasting
  6001 | D:4      | Reached skill level 3 in Invocations
  6140 | D:4      | Found a shadowy altar of Dithmenos.
  6373 | D:4      | Noticed Pikel
  6433 | D:3      | Reached XP level 8. HP: 27/67 MP: 1/14
  6824 | D:4      | Killed Pikel
  6825 | D:4      | Reached skill level 3 in Short Blades
  6825 | D:4      | Reached skill level 3 in Axes
  6825 | D:4      | Reached skill level 3 in Maces & Flails
  6825 | D:4      | Reached skill level 3 in Polearms
  6825 | D:4      | Reached skill level 3 in Staves
  6825 | D:4      | Reached skill level 3 in Slings
  6825 | D:4      | Reached skill level 3 in Bows
  6825 | D:4      | Reached skill level 3 in Crossbows
  6825 | D:4      | Reached skill level 3 in Throwing
  6825 | D:4      | Reached skill level 3 in Armour
  6825 | D:4      | Reached skill level 3 in Dodging
  6825 | D:4      | Reached skill level 3 in Stealth
  6825 | D:4      | Reached skill level 3 in Shields
  6825 | D:4      | Reached skill level 3 in Unarmed Combat
  6825 | D:4      | Reached skill level 3 in Evocations
  6964 | D:5      | Entered Level 5 of the Dungeon
  6971 | D:5      | Found a staircase to the Ecumenical Temple.
  6991 | D:5      | Found a sand-covered staircase.
  7012 | Ossuary  | Entered an ossuary
  7360 | Ossuary  | Reached skill level 4 in Invocations
  7367 | Ossuary  | Reached skill level 3 in Conjurations
  7367 | Ossuary  | Reached skill level 3 in Hexes
  7367 | Ossuary  | Reached skill level 3 in Summonings
  7367 | Ossuary  | Reached skill level 3 in Necromancy
  7367 | Ossuary  | Reached skill level 3 in Translocations
  7367 | Ossuary  | Reached skill level 3 in Transmutations
  7367 | Ossuary  | Reached skill level 3 in Ice Magic
  7367 | Ossuary  | Reached skill level 3 in Air Magic
  7367 | Ossuary  | Reached skill level 3 in Earth Magic
  7367 | Ossuary  | Reached skill level 3 in Poison Magic
  7434 | Ossuary  | Reached XP level 9. HP: 24/72 MP: 0/16
  7779 | D:5      | Found a runed translucent door.
  7780 | D:5      | Noticed olaf's ghost (amateur GnSu)
  8319 | D:8      | Found a hide-covered altar of Uskayaw.
  8382 | D:7      | Reached skill level 4 in Short Blades
  8382 | D:7      | Reached skill level 4 in Axes
  8382 | D:7      | Reached skill level 4 in Maces & Flails
  8382 | D:7      | Reached skill level 4 in Polearms
  8382 | D:7      | Reached skill level 4 in Staves
  8382 | D:7      | Reached skill level 4 in Slings
  8382 | D:7      | Reached skill level 4 in Bows
  8382 | D:7      | Reached skill level 4 in Crossbows
  8382 | D:7      | Reached skill level 4 in Throwing
  8382 | D:7      | Reached skill level 4 in Armour
  8382 | D:7      | Reached skill level 4 in Dodging
  8382 | D:7      | Reached skill level 4 in Stealth
  8382 | D:7      | Reached skill level 4 in Shields
  8382 | D:7      | Reached skill level 4 in Unarmed Combat
  8382 | D:7      | Reached skill level 5 in Spellcasting
  8382 | D:7      | Reached skill level 4 in Fire Magic
  8382 | D:7      | Reached skill level 4 in Evocations
  8570 | D:7      | Found a basalt altar of Yredelemnul.
  9066 | D:7      | Found a blossoming altar of Fedhas.
  9202 | D:7      | Identified the +0 ring mail "Qexur" {rC+ Int+4 Dex+2}
  9333 | D:7      | Learned a level 2 spell: Poisonous Vapours
  9785 | D:6      | Found a shimmering blue altar of Sif Muna.
  9786 | D:6      | Found a sacrificial altar of Ru.
  9786 | D:6      | Found a snail-covered altar of Cheibriados.
  9786 | D:6      | Found an ancient bone altar of Kikubaaqudgha.
 10074 | Temple   | Entered the Ecumenical Temple
 10221 | D:5      | Identified the +2 short sword "Fopsiqoc" {vorpal, rElec
                  | Will- Str+5 Int+2}
 10269 | D:5      | Reached skill level 8 in Fighting
 10269 | D:5      | Reached skill level 8 in Long Blades
 10631 | D:5      | Reached skill level 5 in Invocations
 10927 | D:5      | Learned a level 2 spell: Searing Ray
 11036 | D:5      | Killed olaf's ghost
 11450 | D:6      | Found Umoicoha's Book Shop.
 11508 | D:6      | Reached XP level 10. HP: 80/80 MP: 12/18
 11552 | D:6      | Noticed Edmund
 11560 | D:6      | Killed Edmund
 11561 | D:6      | Reached skill level 4 in Conjurations
 11561 | D:6      | Reached skill level 4 in Hexes
 11561 | D:6      | Reached skill level 4 in Summonings
 11561 | D:6      | Reached skill level 4 in Necromancy
 11561 | D:6      | Reached skill level 4 in Translocations
 11561 | D:6      | Reached skill level 4 in Transmutations
 11561 | D:6      | Reached skill level 4 in Ice Magic
 11561 | D:6      | Reached skill level 4 in Air Magic
 11561 | D:6      | Reached skill level 4 in Earth Magic
 11561 | D:6      | Reached skill level 4 in Poison Magic
 11671 | D:6      | Noticed Sigmund
 11679 | D:6      | Killed Sigmund
 11951 | D:6      | Reached skill level 5 in Short Blades
 11951 | D:6      | Reached skill level 5 in Axes
 11951 | D:6      | Reached skill level 5 in Maces & Flails
 11951 | D:6      | Reached skill level 5 in Polearms
 11951 | D:6      | Reached skill level 5 in Staves
 11951 | D:6      | Reached skill level 5 in Slings
 11951 | D:6      | Reached skill level 5 in Bows
 11951 | D:6      | Reached skill level 5 in Crossbows
 11951 | D:6      | Reached skill level 5 in Throwing
 11951 | D:6      | Reached skill level 5 in Armour
 11951 | D:6      | Reached skill level 5 in Dodging
 11951 | D:6      | Reached skill level 5 in Stealth
 11951 | D:6      | Reached skill level 5 in Shields
 11951 | D:6      | Reached skill level 5 in Unarmed Combat
 11951 | D:6      | Reached skill level 5 in Evocations
 12009 | D:6      | Found a hide-covered altar of Uskayaw.
 12009 | D:6      | Found a shimmering altar of Xom.
 12211 | D:6      | Found a bloodstained altar of Trog.
 12993 | D:8      | Reached skill level 6 in Spellcasting
 13261 | D:8      | Found a glowing golden altar of the Shining One.
 13420 | D:9      | Reached skill level 5 in Fire Magic
 13430 | D:9      | Reached skill level 6 in Invocations
 13523 | D:9      | Noticed Harold
 13540 | D:9      | Killed Harold
 13649 | D:9      | Found a hazy altar of Hepliaklqana.
 13744 | D:9      | Noticed Psyche
 13753 | D:9      | Killed Psyche
 14294 | D:9      | Reached XP level 11. HP: 65/87 MP: 5/20
 14485 | D:10     | Entered Level 10 of the Dungeon
 14615 | D:10     | Reached skill level 9 in Fighting
 14615 | D:10     | Reached skill level 6 in Short Blades
 14615 | D:10     | Reached skill level 9 in Long Blades
 14615 | D:10     | Reached skill level 6 in Axes
 14615 | D:10     | Reached skill level 6 in Maces & Flails
 14615 | D:10     | Reached skill level 6 in Polearms
 14615 | D:10     | Reached skill level 6 in Staves
 14615 | D:10     | Reached skill level 6 in Slings
 14615 | D:10     | Reached skill level 6 in Bows
 14615 | D:10     | Reached skill level 6 in Crossbows
 14615 | D:10     | Reached skill level 6 in Throwing
 14615 | D:10     | Reached skill level 6 in Armour
 14615 | D:10     | Reached skill level 6 in Dodging
 14615 | D:10     | Reached skill level 6 in Stealth
 14615 | D:10     | Reached skill level 6 in Shields
 14615 | D:10     | Reached skill level 6 in Unarmed Combat
 14615 | D:10     | Reached skill level 6 in Evocations
 14650 | D:10     | Noticed a death knight
 14698 | D:10     | HP: 5/89 [death knight (18)]
 14699 | D:10     | Mangled by a death knight

Vanquished Creatures
  Harold (D:9)
  Pikel (D:4)
  Psyche (D:9)
  A slime creature (D:8)
  The ghost of olaf the Caller, an amateur GnSu (D:5)
  Sigmund (D:6)
  6 yaks
  A steam dragon (D:8)
  Menkaure (D:4)
  Edmund (D:6)
  2 water moccasins
  2 black bears
  2 orc warriors
  2 sky beasts
  2 necrophages
  An ogre (D:6)
  2 centaurs (D:10)
  2 lemures
  2 phantoms
  2 kobold brigands
  2 elf zombies (Ossuary)
  2 bullfrogs
  A water moccasin zombie (D:5)
  2 water moccasin skeletons (D:5)
  8 killer bees (D:9)
  5 wights
  4 howler monkeys
  2 vampire bats (D:3)
  2 jellies
  5 centaur zombies
  2 human zombies (Ossuary)
  A centaur skeleton (D:4)
  An orc priest (D:6)
  3 iguanas (D:5)
  10 orc wizards
  2 hound skeletons
  2 mummies (Ossuary)
  A howler monkey skeleton (D:7)
  8 gnolls
  12 adders
  A shadow imp (D:8)
  3 white imps
  An ufetubus (D:5)
  A worm zombie (D:5)
  4 adder zombies (Ossuary)
  An adder skeleton (D:4)
  42 orcs
  7 ball pythons
  12 bats
  4 endoplasms
  A giant cockroach (D:4)
  4 goblins
  9 hobgoblins
  2 quokkas
  3 frilled lizards
  11 hobgoblin zombies (Ossuary)
  2 jackal zombies (Ossuary)
  13 kobolds
  9 kobold zombies
  5 orc zombies (Ossuary)
  7 rats
251 creatures vanquished.

Vanquished Creatures (others)
  877 foxfires
  31 plants (D:4)
908 creatures vanquished.

Grand Total: 1159 creatures vanquished
